TOP OF THE 1ST |
Chattanooga Lookouts batting - Pitching for Erie SeaWolves : RHP Andy Miller
|
Pitching: RHP Andy Miller
|
|
Batting: SHB Matt Urbani
|
0-0: Swinging Strike 0-1: Swinging Strike 0-2: Foul Ball, location: 2F 0-2: Ball 1-2: Strikes out looking
|
Batting: RHB John Dew
|
0-0: Ball 1-0: Swinging Strike 1-1: Fly out, F7 (Flyball, 7D, EV 108.8 MPH)
|
Batting: LHB Marshall Daul
|
0-0: Foul Ball, location: 2F 0-1: Foul Ball, location: 2F 0-2: Foul Ball, location: 2F 0-2: Strikes out swinging
|
Top of the 1st over - 0 runs, 0 hits, 0 errors, 0 left on base; Chattanooga 0 - Erie 0 |
BOTTOM OF THE 1ST |
Erie SeaWolves batting - Pitching for Chattanooga Lookouts : RHP Tom Winsor
|
Pitching: RHP Tom Winsor
|
|
Batting: RHB Eric Angelle
|
0-0: Swinging Strike 0-1: SINGLE (Groundball, 34D, EV 102.5 MPH)
|
Batting: RHB Tony Soto
|
0-0: Fly out, F8 (Flyball, 8LM, EV 91.2 MPH)
|
Batting: LHB Dave Carlisle
|
0-0: Ball 1-0: Ball 2-0: Ball 3-0: Base on Balls Eric Angelle to second
|
Batting: RHB Adam MacConnell
|
0-0: Ball 1-0: Ball 2-0: Fly out, F9 (Flyball, 9LMF, EV 93.1 MPH)
|
Batting: RHB Benny O'Connor
|
0-0: Foul Ball, location: 2F 0-1: Swinging Strike 0-2: Strikes out swinging
|
Bottom of the 1st over - 0 runs, 1 hit, 0 errors, 2 left on base; Chattanooga 0 - Erie 0 |
TOP OF THE 2ND |
Chattanooga Lookouts batting - Pitching for Erie SeaWolves : RHP Andy Miller
|
Batting: RHB Leo Gonzalez
|
0-0: Called Strike 0-1: Ball 1-1: Swinging Strike 1-2: SOLO HOME RUN (Flyball, 7LD, EV 93.8 MPH), Distance : 352 ft
|
Batting: LHB Jon Ventura
|
0-0: Foul Ball, location: 2F 0-1: Foul Ball, location: 2F 0-2: Ground out 4-3 (Groundball, 34D, EV 96.2 MPH)
|
Batting: RHB Michael McDonald
|
0-0: Called Strike 0-1: Foul Ball, location: 2F 0-2: Foul Ball, location: 2F 0-2: Ball 1-2: Ground out 6-3 (Groundball, 6M, EV 91.9 MPH)
|
Batting: LHB David Campbell
|
0-0: Foul Ball, location: 2F 0-1: Ball 1-1: Called Strike 1-2: Ball 2-2: Ball 3-2: Base on Balls
|
Batting: RHB Nick Phipps
|
0-0: Fly out, F9 (Flyball, 9, EV 76.9 MPH)
|
Top of the 2nd over - 1 run, 1 hit, 0 errors, 1 left on base; Chattanooga 1 - Erie 0 |
BOTTOM OF THE 2ND |
Erie SeaWolves batting - Pitching for Chattanooga Lookouts : RHP Tom Winsor
|
Batting: SHB Sean Foley
|
0-0: Called Strike 0-1: Foul Ball, location: 2F 0-2: Strikes out swinging
|
Batting: RHB Tanner Purchase
|
0-0: Called Strike 0-1: Fly out, F9 (Flyball, 9, EV 82.5 MPH)
|
Batting: RHB Jose Evangelista
|
0-0: Ball 1-0: Foul Ball, location: 2F 1-1: Ball 2-1: Ball 3-1: Swinging Strike 3-2: Foul Ball, location: 2F 3-2: Foul Ball, location: 2F 3-2: Foul Ball, location: 2F 3-2: Foul Ball, location: 2F 3-2: SINGLE (Groundball, 34D, EV 96.2 MPH)
|
Batting: RHB Willie Ochoa
|
0-0: Swinging Strike 0-1: Swinging Strike 0-2: Ball 1-2: Ball 2-2: Ball 3-2: Base on Balls Jose Evangelista to second
|
Batting: RHB Eric Angelle
|
0-0: Ball 1-0: Fly out, F7 (Flyball, 78D, EV 90.6 MPH)
|
Bottom of the 2nd over - 0 runs, 1 hit, 0 errors, 2 left on base; Chattanooga 1 - Erie 0 |
TOP OF THE 3RD |
Chattanooga Lookouts batting - Pitching for Erie SeaWolves : RHP Andy Miller
|
Batting: RHB David Nardone
|
0-0: Ball 1-0: Ball 2-0: Swinging Strike 2-1: Called Strike 2-2: Ball 3-2: Base on Balls
|
Batting: SHB Matt Urbani
|
0-0: Ball 1-0: Called Strike 1-1: Ball 2-1: Fielders Choice at 2nd, 1-6 (Groundball, 34S, EV 68.8 MPH)
|
Batting: RHB John Dew
|
0-0: Called Strike 0-1: Called Strike Matt Urbani steals 2nd base 0-2: Ball 1-2: Ball 2-2: Ball 3-2: SINGLE (Line Drive, 4MD, EV 95.0 MPH) Matt Urbani to third
|
Batting: LHB Marshall Daul
|
0-0: Called Strike 0-1: Foul Ball, location: 2F 0-2: Ball 1-2: Ball 2-2: Foul Ball, location: 2F 2-2: Foul Ball, location: 2F 2-2: Ball 3-2: SINGLE (Groundball, 34D, EV 104.4 MPH) Matt Urbani scores John Dew to second
|
Batting: RHB Leo Gonzalez
|
0-0: Called Strike 0-1: Ball 1-1: Ball 2-1: Ball 3-1: Base on Balls John Dew to third Marshall Daul to second
|
Batting: LHB Jon Ventura
|
0-0: Called Strike 0-1: Swinging Strike 0-2: Foul Ball, location: 2F 0-2: Strikes out swinging
|
Batting: RHB Michael McDonald
|
0-0: SINGLE (Groundball, 6MD, EV 95.0 MPH) John Dew scores Marshall Daul to third Leo Gonzalez to second Runner from 3rd tries for Home, SAFE, throw by CF to home Leo Gonzalez to third Michael McDonald to second
|
Batting: LHB David Campbell
|
0-0: Ball 1-0: Ground out 6-3 (Groundball, 6M, EV 85.0 MPH)
|
Top of the 3rd over - 3 runs, 3 hits, 0 errors, 2 left on base; Chattanooga 4 - Erie 0 |
BOTTOM OF THE 3RD |
Erie SeaWolves batting - Pitching for Chattanooga Lookouts : RHP Tom Winsor
|
Batting: RHB Tony Soto
|
0-0: Ball 1-0: Ball 2-0: Ball 3-0: Called Strike 3-1: Base on Balls
|
Batting: LHB Dave Carlisle
|
0-0: Foul Ball, location: 2F 0-1: Ball 1-1: Ball 2-1: Foul Ball, location: 2F 2-2: Fly out, F6 (Popup, 6, EV 55.6 MPH)
|
Batting: RHB Adam MacConnell
|
0-0: Ball 1-0: Called Strike 1-1: Ball 2-1: Ball 3-1: Foul Ball, location: 2F 3-2: SINGLE (Groundball, 6MD, EV 95.6 MPH) Tony Soto to second Runner from 2nd tries for 3rd, SAFE, no throw by CF
|
Batting: RHB Benny O'Connor
|
0-0: Ball 1-0: Foul Ball, location: 2F 1-1: Ball 2-1: Ball 3-1: Grounds into double play, 5-4-3 (Groundball, 56, EV 94.4 MPH)
|
Bottom of the 3rd over - 0 runs, 1 hit, 0 errors, 1 left on base; Chattanooga 4 - Erie 0 |
TOP OF THE 4TH |
Chattanooga Lookouts batting - Pitching for Erie SeaWolves : RHP Andy Miller
|
Batting: RHB Nick Phipps
|
0-0: Called Strike 0-1: Fly out, F9 (Flyball, 9D, EV 110.0 MPH)
|
Batting: RHB David Nardone
|
0-0: Called Strike 0-1: Ball 1-1: Swinging Strike 1-2: Foul Ball, location: 2F 1-2: Foul Ball, location: 2F 1-2: Foul Ball, location: 2F 1-2: Foul Ball, location: 2F 1-2: Ball 2-2: Fly out, F8 (Flyball, 8LD, EV 96.9 MPH)
|
Batting: SHB Matt Urbani
|
0-0: Ball 1-0: Fly out, F8 (Flyball, 8LD, EV 96.9 MPH)
|
Top of the 4th over - 0 runs, 0 hits, 0 errors, 0 left on base; Chattanooga 4 - Erie 0 |
BOTTOM OF THE 4TH |
Erie SeaWolves batting - Pitching for Chattanooga Lookouts : RHP Tom Winsor
|
Batting: SHB Sean Foley
|
0-0: Called Strike 0-1: Ball 1-1: Ball 2-1: Ball 3-1: Foul Ball, location: 2F 3-2: Foul Ball, location: 2F 3-2: Foul Ball, location: 2F 3-2: Strikes out swinging
|
Batting: RHB Tanner Purchase
|
0-0: Ball 1-0: Called Strike 1-1: Called Strike 1-2: Strikes out looking and he physically ARGUES THE CALL AND IS TOSSED!
|
Batting: RHB Jose Evangelista
|
0-0: Ball 1-0: Ground out 4-3 (Groundball, 4, EV 88.8 MPH)
|
Bottom of the 4th over - 0 runs, 0 hits, 0 errors, 0 left on base; Chattanooga 4 - Erie 0 |
TOP OF THE 5TH |
Chattanooga Lookouts batting - Pitching for Erie SeaWolves : RHP Andy Miller
|
Now in CF: Carlos Armenteros
|
|
Batting: RHB John Dew
|
0-0: Ball 1-0: Ball 2-0: Ground out 5-3 (Groundball, 5, EV 105.0 MPH)
|
Batting: LHB Marshall Daul
|
0-0: Called Strike 0-1: Foul Ball, location: 2F 0-2: Ball 1-2: Strikes out swinging
|
Batting: RHB Leo Gonzalez
|
0-0: Ball 1-0: Ball 2-0: Called Strike 2-1: SINGLE (Line Drive, 34D, EV 94.4 MPH)
|
Batting: LHB Jon Ventura
|
0-0: Foul Ball, location: 2F 0-1: Called Strike 0-2: Ball 1-2: SINGLE (Groundball, 6MD, EV 101.2 MPH) Leo Gonzalez to second Runner from 2nd tries for 3rd, SAFE, throw by CF made to third
|
Batting: RHB Michael McDonald
|
0-0: Ball 1-0: Swinging Strike 1-1: Called Strike 1-2: Ground out 4-3 (Groundball, 4, EV 98.1 MPH)
|
Top of the 5th over - 0 runs, 2 hits, 0 errors, 2 left on base; Chattanooga 4 - Erie 0 |
BOTTOM OF THE 5TH |
Erie SeaWolves batting - Pitching for Chattanooga Lookouts : RHP Tom Winsor
|
Batting: RHB Willie Ochoa
|
0-0: Called Strike 0-1: Called Strike 0-2: Ball 1-2: Ball 2-2: Ground out 4-3 (Groundball, 4, EV 100.6 MPH)
|
Batting: RHB Eric Angelle
|
0-0: Swinging Strike 0-1: Ball 1-1: Ball 2-1: Ball 3-1: Foul Ball, location: 2F 3-2: Foul Ball, location: 2F 3-2: Foul Ball, location: 2F 3-2: Ground out 6-3 (Groundball, 6, EV 80.6 MPH)
|
Batting: RHB Tony Soto
|
0-0: Called Strike 0-1: DOUBLE (Line Drive, 78XD, EV 100.6 MPH)
|
Batting: LHB Dave Carlisle
|
0-0: Swinging Strike 0-1: Swinging Strike 0-2: Strikes out swinging
|
Bottom of the 5th over - 0 runs, 1 hit, 0 errors, 1 left on base; Chattanooga 4 - Erie 0 |
TOP OF THE 6TH |
Chattanooga Lookouts batting - Pitching for Erie SeaWolves : RHP Andy Miller
|
Batting: LHB David Campbell
|
0-0: Ball 1-0: Swinging Strike 1-1: Ball 2-1: Foul Ball, location: 2F 2-2: Ball 3-2: Foul Ball, location: 2F 3-2: Foul Ball, location: 2F 3-2: Base on Balls
|
Pitching: RHP Juan Cornejo
|
|
Batting: RHB Nick Phipps
|
0-0: Ball 1-0: Swinging Strike 1-1: Foul Ball, location: 2F 1-2: Ball 2-2: Strikes out swinging
|
Batting: RHB David Nardone
|
0-0: Swinging Strike 0-1: Called Strike 0-2: Ball 1-2: Ball 2-2: Strikes out looking
|
Batting: SHB Matt Urbani
|
0-0: Called Strike 0-1: Swinging Strike 0-2: Ball 1-2: Strikes out swinging
|
Top of the 6th over - 0 runs, 0 hits, 0 errors, 1 left on base; Chattanooga 4 - Erie 0 |
BOTTOM OF THE 6TH |
Erie SeaWolves batting - Pitching for Chattanooga Lookouts : RHP Tom Winsor
|
Batting: RHB Adam MacConnell
|
0-0: Called Strike 0-1: Ball 1-1: Foul Ball, location: 2F 1-2: Strikes out looking
|
Batting: RHB Benny O'Connor
|
0-0: Ball 1-0: Ball 2-0: Called Strike 2-1: Called Strike 2-2: Ball 3-2: Strikes out looking
|
Batting: SHB Sean Foley
|
0-0: Called Strike 0-1: Ball 1-1: Swinging Strike 1-2: Ball 2-2: Strikes out looking
|
Bottom of the 6th over - 0 runs, 0 hits, 0 errors, 0 left on base; Chattanooga 4 - Erie 0 |
TOP OF THE 7TH |
Chattanooga Lookouts batting - Pitching for Erie SeaWolves : RHP Juan Cornejo
|
Pitching: RHP Denzel McPherson
|
|
Batting: RHB John Dew
|
0-0: Ball 1-0: Ball 2-0: Ball 3-0: Called Strike 3-1: Base on Balls
|
Batting: LHB Marshall Daul
|
0-0: Ball 1-0: Fly out, F9 (Flyball, 89S, EV 90.0 MPH)
|
Batting: RHB Leo Gonzalez
|
0-0: Called Strike Passed Ball! John Dew to second 0-1: Foul Ball, location: 2F 0-2: Ball 1-2: 2-RUN HOME RUN (Flyball, 7LD, EV 100.0 MPH), Distance : 359 ft
|
Batting: LHB Jon Ventura
|
0-0: Called Strike 0-1: Ball 1-1: Foul Ball, location: 2F 1-2: Ball 2-2: Ball 3-2: Base on Balls
|
Batting: RHB Michael McDonald
|
0-0: Called Strike 0-1: Ball 1-1: Ball 2-1: Foul Ball, location: 2F 2-2: Fielders Choice at 2nd, 6-4 (Groundball, 6, EV 107.5 MPH)
|
Now at 2B: Mike Sebastian
|
|
Batting: LHB David Campbell
|
0-0: Ball 1-0: Ball 2-0: Called Strike 2-1: SINGLE (Groundball, 34D, EV 105.0 MPH) Michael McDonald to second
|
Batting: RHB Nick Phipps
|
0-0: Called Strike 0-1: Ball 1-1: Ball 2-1: Foul Ball, location: 2F 2-2: Ball 3-2: Foul Ball, location: 2F 3-2: Base on Balls Michael McDonald to third David Campbell to second
|
Batting: RHB David Nardone
|
0-0: Ball 1-0: Called Strike 1-1: Ball 2-1: Ball 3-1: Foul Ball, location: 2F 3-2: GRAND SLAM HOME RUN (Line Drive, 89XD, EV 110.0 MPH), Distance : 433 ft
|
Pitching: RHP Eddie Hodgson
|
|
Batting: SHB Matt Urbani
|
0-0: Called Strike 0-1: Foul Ball, location: 2F 0-2: Ball 1-2: Strikes out swinging
|
Top of the 7th over - 6 runs, 3 hits, 0 errors, 0 left on base; Chattanooga 10 - Erie 0 |
BOTTOM OF THE 7TH |
Erie SeaWolves batting - Pitching for Chattanooga Lookouts : RHP Tom Winsor
|
Batting: RHB Carlos Armenteros
|
0-0: Ball 1-0: SINGLE (Groundball, 34D, EV 108.8 MPH) (infield hit)
|
Batting: RHB Jose Evangelista
|
0-0: Swinging Strike 0-1: Swinging Strike 0-2: Strikes out swinging
|
Batting: RHB Willie Ochoa
|
0-0: Ball 1-0: Swinging Strike 1-1: Ball 2-1: Ball 3-1: Fly out, F3 (Popup, 3F, EV 65.6 MPH)
|
Pitching: RHP John Morrison
|
|
Batting: RHB Eric Angelle
|
0-0: Ball 1-0: Swinging Strike 1-1: Foul Ball, location: 2F 1-2: Foul Ball, location: 2F 1-2: Ball 2-2: Foul Ball, location: 2F 2-2: DOUBLE (Groundball, 5L, EV 98.1 MPH) Carlos Armenteros to third Runner from 3rd tries for Home, SAFE, no throw by LF
|
Batting: RHB Tony Soto
|
0-0: Ball 1-0: Foul Ball, location: 2F 1-1: 2-RUN HOME RUN (Flyball, 7D, EV 98.1 MPH), Distance : 384 ft
|
Batting: LHB Dave Carlisle
|
0-0: Ball 1-0: Called Strike 1-1: Ball 2-1: Foul Ball, location: 2F 2-2: SINGLE (Flyball, 8RS, EV 93.1 MPH)
|
Batting: RHB Adam MacConnell
|
0-0: Called Strike 0-1: Foul Ball, location: 2F 0-2: Ball 1-2: Foul Ball, location: 2F 1-2: Reached on error, E6 (Groundball, 6, EV 84.4 MPH) Dave Carlisle to second
|
Batting: RHB Benny O'Connor
|
0-0: Called Strike 0-1: Swinging Strike 0-2: Strikes out swinging
|
Bottom of the 7th over - 3 runs, 4 hits, 1 error, 2 left on base; Chattanooga 10 - Erie 3 |
TOP OF THE 8TH |
Chattanooga Lookouts batting - Pitching for Erie SeaWolves : RHP Eddie Hodgson
|
Batting: RHB John Dew
|
0-0: Ball 1-0: Called Strike 1-1: Ground out 5-3 (Groundball, 5S, EV 68.1 MPH)
|
Batting: LHB Marshall Daul
|
0-0: Called Strike 0-1: Ball 1-1: Ball 2-1: Foul Ball, location: 2F 2-2: Ball 3-2: Foul Ball, location: 2F 3-2: Strikes out looking
|
Batting: RHB Leo Gonzalez
|
0-0: Ball 1-0: Called Strike 1-1: Swinging Strike 1-2: Ball 2-2: Foul Ball, location: 2F 2-2: Foul Ball, location: 2F 2-2: Foul Ball, location: 2F 2-2: Foul Ball, location: 2F 2-2: Foul Ball, location: 2F 2-2: Ball 3-2: Foul Ball, location: 2F 3-2: Base on Balls
|
Batting: LHB Jon Ventura
|
0-0: Ball 1-0: Ball 2-0: Ball 3-0: Foul Ball, location: 2F 3-1: Base on Balls Leo Gonzalez to second
|
Batting: RHB Michael McDonald
|
0-0: Called Strike 0-1: Ball 1-1: Ball 2-1: Foul Ball, location: 2F 2-2: Foul Ball, location: 2F 2-2: Foul Ball, location: 2F 2-2: Strikes out swinging
|
Top of the 8th over - 0 runs, 0 hits, 0 errors, 2 left on base; Chattanooga 10 - Erie 3 |
BOTTOM OF THE 8TH |
Erie SeaWolves batting - Pitching for Chattanooga Lookouts : RHP John Morrison
|
Batting: RHB Mike Sebastian
|
0-0: Ball 1-0: Reached on error, E6 (Groundball, 6, EV 85.6 MPH)
|
Batting: RHB Carlos Armenteros
|
0-0: Ball 1-0: Foul Ball, location: 2F 1-1: Foul Ball, location: 2F 1-2: Ball 2-2: Ball 3-2: SINGLE (Groundball, 4MD, EV 101.2 MPH) Mike Sebastian to second
|
Batting: RHB Jose Evangelista
|
0-0: Called Strike 0-1: Foul Ball, location: 2F 0-2: Ball 1-2: Foul Ball, location: 2F 1-2: Ball 2-2: Ball 3-2: Base on Balls Mike Sebastian to third Carlos Armenteros to second
|
Batting: RHB Willie Ochoa
|
0-0: Ball 1-0: Swinging Strike 1-1: Ball 2-1: Foul Ball, location: 2F 2-2: Strikes out swinging
|
Pitching: RHP Orlando Guapo
|
|
Batting: RHB Eric Angelle
|
0-0: Ball 1-0: Fielders Choice at 2nd, 5-4 (Groundball, 56, EV 85.6 MPH) Mike Sebastian scores Carlos Armenteros to third
|
Batting: RHB Tony Soto
|
0-0: Ball 1-0: Ball 2-0: Ball 3-0: Called Strike 3-1: Base on Balls Eric Angelle to second
|
Pitching: LHP John Pedlar
|
|
Batting: LHB Dave Carlisle
|
0-0: Swinging Strike 0-1: Ball 1-1: Foul Ball, location: 2F 1-2: Ball 2-2: Ball 3-2: Ground out 4-3 (Groundball, 4, EV 83.8 MPH)
|
Bottom of the 8th over - 1 run, 1 hit, 1 error, 3 left on base; Chattanooga 10 - Erie 4 |
TOP OF THE 9TH |
Chattanooga Lookouts batting - Pitching for Erie SeaWolves : RHP Eddie Hodgson
|
Pitching: RHP Cameron Maxwell
|
|
Batting: LHB David Campbell
|
0-0: Ball 1-0: Swinging Strike 1-1: Swinging Strike 1-2: Strikes out swinging
|
Batting: RHB Nick Phipps
|
0-0: Called Strike 0-1: Called Strike 0-2: Strikes out swinging
|
Batting: RHB David Nardone
|
0-0: Called Strike 0-1: Called Strike 0-2: Fly out, F8 (Flyball, 8LD, EV 97.5 MPH)
|
Top of the 9th over - 0 runs, 0 hits, 0 errors, 0 left on base; Chattanooga 10 - Erie 4 |
BOTTOM OF THE 9TH |
Erie SeaWolves batting - Pitching for Chattanooga Lookouts : LHP John Pedlar
|
Batting: RHB Adam MacConnell
|
0-0: Ball 1-0: Ground out 5-3 (Groundball, 56, EV 112.5 MPH)
|
Batting: RHB Benny O'Connor
|
0-0: Called Strike 0-1: Foul Ball, location: 2F 0-2: Fly out, F4 (Popup, 4, EV 56.2 MPH)
|
Batting: RHB Mike Sebastian
|
0-0: Called Strike 0-1: Foul Ball, location: 2F 0-2: Strikes out swinging
|
Bottom of the 9th over - 0 runs, 0 hits, 0 errors, 0 left on base; Chattanooga 10 - Erie 4 |
|